 Dungeon Crawl Stone Soup version 0.31-a0-44-g49d609d0da (webtiles) character file.

Game seed: 8445439082303267214

1082 BattleRest the Trooper (level 8, -8/71 HPs)
             Began as a Minotaur Fighter on Mar 12, 2023.
             Killed by divine providence
             ... invoked by an orc priest
              (14 damage)
             ... on level 5 of the Dungeon on May 21, 2023.
             The game lasted 00:16:29 (4248 turns).

BattleRest the Trooper (Minotaur Fighter)           Turns: 4248, Time: 00:16:29

Health: -8/71      AC:  8    Str: 23    XL:     8   Next: 8%
Magic:  7/7        EV:  9    Int:  5    God:
Gold:   586        SH:  5    Dex: 10    Spells: 7/7 levels left

rFire   . . .        t - +8 long sword of Melesch {flame, rElec}
rCold   . . .        c - +0 buckler
rNeg    . . .        b - +1 scale mail
rPois   .            (helmet restricted)
rElec   +            (no cloak)
rCorr   +            (no gloves)
SInv    .            (no boots)
Will    .....        (no amulet) Stlth
                     g - ring of resist corrosion
HPRegen 0.31/turn    (no ring)
MPRegen 0.10/turn

%: no passive effects
@: no status effects
A: horns 2, retaliatory headbutt
a: no special abilities


You were on level 5 of the Dungeon.
You visited 1 branch of the dungeon, and saw 5 of its levels.

You collected 807 gold pieces.
You spent 221 gold pieces at shops.

Inventory:

Hand Weapons
 a - a +0 flail
 t - the +8 long sword of Melesch (weapon) {flame, rElec}
   (You bought it in a shop on level 3 of the Dungeon)

   rElec:     It insulates you from electricity.
Armour
 b - a +1 scale mail (worn)
 c - a +0 buckler (worn)
Jewellery
 g - a ring of resist corrosion (left hand)
Wands
 j - a wand of polymorph (4)
Scrolls
 i - a scroll of blinking
 r - a scroll of teleportation
 v - a scroll of enchant armour
 w - a scroll of identify
 x - a scroll of noise {unknown}
Potions
 d - 2 potions of might
 e - a potion of berserk rage {unknown}
 f - 2 potions of curing {unknown}
 h - a potion of flight {unknown}
 k - a potion of degeneration {unknown}
 m - 2 potions of cancellation {unknown}
 o - 2 potions of haste
 q - 2 potions of heal wounds
 s - a potion of attraction {unknown}
 u - a potion of ambrosia {unknown}


   Skills:
 + Level 6.6 Fighting
 * Level 3.4 Long Blades
 - Level 5.4 Maces & Flails
 + Level 6.5 Armour
 + Level 6.6 Shields


You had 7 spell levels left.
You didn't know any spells.
Your spell library contained the following spells:

 Spells                   Type           Power      Damage    Failure   Level
 Apportation              Tloc           0%         N/A       82%         1
 Cigotuvi's Dreadful Rot  Necr/Pois/Air  0%         N/A       91%         2
 Poisonous Vapours        Pois/Air       0%         N/A       91%         2
 Mephitic Cloud           Conj/Pois/Air  0%         N/A       99%         3
 Alistair's Intoxication  Tmut/Pois      0%         N/A       100%        5


Dungeon Overview and Level Annotations

Branches:
Dungeon (5/15)
 Temple: D:4-7

Altars:
Dithmenos
Fedhas
Hepliaklqana
Nemelex Xobeh
Qazlal
Uskayaw

Shops:
D:3 (


Innate Abilities, Weirdness & Mutations

You have a pair of horns on your head.
You reflexively headbutt those who attack you in melee.


Message History

The steam dragon is almost dead.
The steam dragon bites you but does no damage.
The steam dragon claws you.
* * * LOW HITPOINT WARNING * * *
You slash the steam dragon! You burn the steam dragon.
You kill the steam dragon!
Your Long Blades skill increases to level 3!
You have reached level 8!
You feel stronger.
You start resting.
An orc is nearby!
The orc shouts!
You hear a shout!
Found an escape hatch in the floor.
The orc priest shouts!
The orc priest looks encouraged for a moment.
Found an escape hatch in the ceiling.
The orc wizard shouts!
The orc priest shouts!
The orc priest calls down the wrath of Beogh upon you.
Beogh smites you! The orc closely misses you.
The orc wizard casts a spell.
The orc wizard flickers and vanishes!
Deactivating autopickup; reactivate with Ctrl-A.
The orc priest begins to cast a cantrip, but forgets the words!
The orc priest hits you with a +0 hand axe.
* * * LOW HITPOINT WARNING * * *
You block the orc's attack.
The orc priest mumbles some strange prayers to Beogh against you.
Beogh smites you!
* * * LOW HITPOINT WARNING * * *
You barely miss the orc priest. You headbutt the orc priest!
The orc priest is severely wounded.
The orc priest calls upon Beogh to heal the orc priest.
The orc priest is healed somewhat.
You block the orc's attack. You block the orc priest's attack.
The orc priest looks encouraged for a moment.
The orc barely misses you. You furiously retaliate!
You headbutt the orc!
You kill the orc!
The orc priest invokes the aid of Beogh against you.
Beogh smites you!
You die...

..........<.............
........................
........ ...>........#
....### ............ .....#
... #...o...... ...[...
...# #.o....... ....#..
...## #o#.# ... ....#.##
.... #.)###... .....
#:###..##@?....# ..##.
#......#<......# .###
...............# ....
...)..........## ####
............##.##..
##.#....#.................
##.....##...........#.###
##......#..#........###.#..
.#.......>.##..##..?.......


You could see 3 orc priests.

Vanquished Creatures
  A steam dragon (D:5)
  2 ice beasts (D:5)
  2 ogres
  A gnoll sergeant (D:5)
  2 scorpions (D:5)
  2 orc priests
  A jelly (D:4)
  A gnoll bouda (D:4)
  3 iguanas
  2 orc wizards (D:4)
  7 gnolls
  3 adders
  2 dart slugs
  13 orcs
  12 ball pythons
  2 bats
  5 endoplasms
  3 giant cockroaches
  9 hobgoblins
  4 kobolds
  9 quokkas
  A frilled lizard (D:1)
  13 goblins
  2 rats
102 creatures vanquished.

Notes
Turn   | Place    | Note
-------+----------+-------------------------------------------
     0 | D:1      | BattleRest the Minotaur Fighter began the quest for the
                  | Orb.
     0 | D:1      | Reached XP level 1. HP: 19/19 MP: 0/0
   128 | D:1      | Reached XP level 2. HP: 23/27 MP: 1/1
   275 | D:1      | Found a faded altar of an unknown god.
   590 | D:2      | Found a hide-covered altar of Uskayaw.
   605 | D:2      | Reached XP level 3. HP: 12/33 MP: 2/2
  1291 | D:2      | Reached XP level 4. HP: 40/40 MP: 3/3
  1418 | D:3      | Found a blossoming altar of Fedhas.
  1421 | D:3      | Found a stormy altar of Qazlal.
  1576 | D:3      | Found Hayku's Antique Weapon Shoppe.
  1593 | D:3      | Found a hazy altar of Hepliaklqana.
  1994 | D:3      | Found a shadowy altar of Dithmenos.
  2222 | D:3      | Reached XP level 5. HP: 47/47 MP: 4/4
  2405 | D:4      | Reached skill level 5 in Fighting
  2405 | D:4      | Reached skill level 5 in Armour
  2405 | D:4      | Reached skill level 5 in Shields
  2485 | D:4      | Noticed an ogre
  2488 | D:4      | Reached XP level 6. HP: 42/56 MP: 5/5
  3187 | D:4      | Found a sparkling altar of Nemelex Xobeh.
  3398 | D:5      | Entered Level 5 of the Dungeon
  3405 | D:5      | Noticed an ice beast
  3413 | D:5      | Killed an ice beast
  3414 | D:5      | Reached skill level 5 in Maces & Flails
  3414 | D:5      | Reached XP level 7. HP: 47/62 MP: 6/6
  3793 | D:3      | Bought a crude long sword for 221 gold pieces
  3793 | D:3      | Identified the +8 long sword of Melesch {flame, rElec} (You
                  | bought it in a shop on level 3 of the Dungeon)
  3996 | D:5      | Reached skill level 1 in Long Blades
  4170 | D:5      | Upgraded the game from 0.30-a0-870-gc5d4c5acee to
                  | 0.31-a0-44-g49d609d0da
  4179 | D:5      | Identified a scroll of acquirement
  4179 | D:5      | Acquired 565 gold pieces
  4184 | D:5      | Noticed a steam dragon
  4195 | D:5      | Killed a steam dragon
  4196 | D:5      | Reached XP level 8. HP: 22/71 MP: 7/7
  4248 | D:5      | Killed from afar by an orc priest

Illustrated notes

Levels and vault maps discovered:
D:1:      dpeg_arrival_arbitrary_c, layout_basic,
          chequers_ecumenical_altar_grove, minmay_tiny_reverse_x
D:2:      wad_woods_stonehenge, layout_loops_ring
D:3:      cheibrodos_greedy_goblins, layout_rooms,
          grunt_temple_overflow_forces_of_nature, marbit_many_paths,
          mainiacjoe_overflow_boulevard, serial_shops, shop,
          hangedman_decor_slide_cut
D:4:      layout_cave_pools, nemelex_xobeh_ov_fountains_minmay,
          corexii_hall_statues_i
D:5:      layout_cave_pools

Skill      XL: |  1  2  3  4  5  6  7 |
---------------+----------------------+-----
Shields        | 4 5 6 |  6.6
Fighting       | 4 5 6 |  6.6
Armour         | 4 5 6 |  6.5
Maces & Flails | 3 4 5 |  5.4
Long Blades    | 3 |  3.4

Action                     |  1- 3 |  4- 6 |  7- 9 || total
---------------------------+-------+-------+-------++-------
  Melee: Flail             |    83 |   108 |    19 ||   210
         Headbutt          |     9 |    14 |     9 ||    32
         Long sword        |       |       |    29 ||    29
    Use: Scroll            |       |     8 |     1 ||     9
         Potion            |       |     1 |       ||     1
 Armour: Scale mail        |    45 |    49 |    17 ||   111
  Dodge: Dodged            |    58 |    44 |    19 ||   121
  Block: Buckler           |    23 |    26 |    11 ||    60

Table legend: (Time is in decaauts)
 A = Elapsed time spent in this place.
 B = Non-inter-level travel time spent in this place.
 C = Inter-level travel time spent in this place.
 D = Time resting spent in this place.
 E = Time spent auto-exploring this place.
 F = Levels seen in this place.
 G = Mean time per level.
                   A        B        C        D        E       F      G
               +--------+--------+--------+--------+--------+-----+--------+
         Total |   4304 |   4130 |    174 |   1275 |   2066 |   5 |  860.8 |
       Dungeon |   4304 |   4130 |    174 |   1275 |   2066 |   5 |  860.8 |
               +--------+--------+--------+--------+--------+-----+--------+

Top non-repeatable levels by time:
     D:3: 1172 daAuts
     D:2: 1141 daAuts
     D:4: 797 daAuts
     D:5: 624 daAuts
     D:1: 567 daAuts
